 Dungeon Crawl Stone Soup version 0.31.0-11-ge490571c62 (webtiles) character file.

Game seed: 8072408457428350748

2664 oldriver the Skirmisher (level 9, -2/74 HPs)
             Began as a Formicid Alchemist on Feb 3, 2024.
             Was an Initiate of Hepliaklqana.
             Killed from afar by a steam dragon (16 damage)
             ... with a ball of steam
             ... on level 7 of the Dungeon.
             The game lasted 00:12:27 (8498 turns).

oldriver the Skirmisher (Formicid Alchemist)        Turns: 8498, Time: 00:12:28

Health: -2/74      AC:  6    Str: 12    XL:     9   Next: 94%
Magic:  12/12      EV: 12    Int: 16    God:    Hepliaklqana [......]
Gold:   69         SH:  9    Dex: 24    Spells: 11/12 levels left

rFire   . . .        b - +4 dagger (freeze)
rCold   + . .        n - +3 buckler "Ymuqem" {^Drain rC+ rN++ SInv}
rNeg    + + .        x - +0 robe
rPois   .            (helmet unavailable)
rElec   .            C - +1 cloak {Stlth+}
rCorr   .            B - +1 pair of gloves
SInv    +            (no boots)
Will    .....        e - amulet of the acrobat
Stlth   ++++         v - ring of wizardry
HPRegen 0.32/turn    c - +6 ring of dexterity
MPRegen 0.13/turn

%: acrobat, wizardry (x1)
@: no status effects
A: permanent stasis, dig shafts and tunnels, antennae 3, four strong arms
a: Dig, Shaft Self, Renounce Religion


You were on level 7 of the Dungeon.
You worshipped Hepliaklqana.
Hepliaklqana was noncommittal.
You visited 2 branches of the dungeon, and saw 8 of its levels.

You collected 267 gold pieces.
You spent 198 gold pieces at shops.

Inventory:

Hand Weapons
 a - a +1 orcbow
 b - a +4 dagger of freezing (weapon)
Missiles
 g - 16 poisoned darts
 E - a throwing net
Armour
 n - the +3 buckler "Ymuqem" (worn) {^Drain rC+ rN++ SInv}
   (You found it on level 2 of the Dungeon)

   rC+:       It protects you from cold.
   rN++:      It greatly protects you from negative energy.
   SInv:      It lets you see invisible.
   ^Drain:    It drains your maximum health when unequipped.
 x - a +0 robe (worn)
 B - a +1 pair of gloves (worn)
 C - a +1 cloak of stealth (worn)
Jewellery
 c - a +6 ring of dexterity (right hand)
 e - an amulet of the acrobat (around neck)
 o - a ring of ice
 v - a ring of wizardry (left hand)
 D - a +4 ring of slaying
Wands
 w - a wand of polymorph (13)
 y - a wand of flame (16)
Scrolls
 l - 3 scrolls of teleportation
 s - 2 scrolls of poison
Potions
 d - 2 potions of curing
 f - 3 potions of brilliance
 h - a potion of might {unknown}
 i - 2 potions of heal wounds
 j - 2 potions of resistance
 k - 2 potions of attraction
 m - a potion of haste {unknown}
 p - a potion of lignification {unknown}
 q - a potion of magic
 r - 3 potions of mutation {unknown}
 t - a potion of invisibility {unknown}
 u - a potion of berserk rage {unknown}
 z - a potion of enlightenment {unknown}
 A - 2 potions of degeneration {unknown}


   Skills:
 - Level 8.0 Fighting
 + Level 9.6 Ranged Weapons
 - Level 1.7 Dodging
 - Level 4.0 Stealth
 - Level 4.0 Shields
 - Level 2.1 Spellcasting
 - Level 0.8 Conjurations
 - Level 4.0 Alchemy


You had 11 spell levels left.
You knew the following spells:

 Your Spells              Type           Power      Damage    Failure   Level
a - Sting                 Conj/Alch      36%        1d5       4%          1

Your spell library contained the following spells:

 Spells                   Type           Power      Damage    Failure   Level
 Mercury Vapours          Alch/Air       16%        N/A       8%          2
 Summon Small Mammal      Summ           4%         N/A       12%         1
 Mephitic Cloud           Conj/Alch/Air  6%         N/A       16%         3
 Olgreb's Toxic Radiance  Alch           14%        N/A       21%         4
 Call Canine Familiar     Summ           1%         N/A       32%         3
 Sticky Flame             Fire/Alch      8%         2d4       43%         4
 Summon Blazeheart Golem  Fire/Summ      1%         N/A       69%         4


Dungeon Overview and Level Annotations

Branches:
Dungeon (7/15)             Temple (1/1) D:6

Altars:
Ashenzari
Cheibriados
Elyvilon
Fedhas
Gozag
Hepliaklqana
Kikubaaqudgha
Makhleb
Vehumet
Wu Jian
Yredelemnul
Zin

Shops:
D:5 =   D:6 (*[?


Innate Abilities, Weirdness & Mutations

You cannot be hasted, slowed, berserked, paralysed or teleported.
You can dig through walls and to a lower floor.
You have a pair of large antennae on your head. (SInv)
Your four strong arms can wield two-handed weapons with a shield.


Message History

The ball of steam misses you. The steam dragon breathes steam at you.
The ball of steam misses you.
You hit the steam dragon. You freeze the steam dragon.
The steam dragon is severely wounded.
The scorpion is engulfed in a cloud of scalding steam.
The scorpion stings you but does no damage.
The steam dragon bites you but does no damage.
The steam dragon claws you but does no damage.
The scorpion is engulfed in a cloud of scalding steam.
The scorpion completely misses you. The steam dragon closely misses you.
You block the steam dragon's attack.
There is a stone staircase leading up, spattered with blood here.
You hit the steam dragon. You freeze the steam dragon.
The steam dragon is almost dead.
The scorpion is engulfed in a cloud of scalding steam.
The scorpion closely misses you. The steam dragon breathes steam at you.
The ball of steam misses you.
You hit the scorpion. You freeze the scorpion.
You kill the scorpion!
You are engulfed in a cloud of scalding steam.
* * * LOW HITPOINT WARNING * * *
You block the steam dragon's attack. The steam dragon closely misses you.
You completely miss the steam dragon.
The steam dragon is almost dead.
You are engulfed in a cloud of scalding steam.
* * * LOW HITPOINT WARNING * * *
The steam dragon barely misses you.
The steam dragon claws you but does no damage.
You block the steam dragon's attack. The steam dragon completely misses you.
You see here a scorpion corpse.
You barely miss the steam dragon.
The steam dragon is almost dead.
You block the steam dragon's attack. x2
You hit the steam dragon. You freeze the steam dragon.
The steam dragon is almost dead.
The steam dragon breathes steam at you. The ball of steam hits you!
You die...

. ,. #. .# ... ##
####...
##..#.####....#..
#...............#
#..D.......#
#.<@........
......ยง.....##...
...##.......# . .
#...........
..............
................
#....##.#.....>..
##... ...........


You could see a steam dragon (catching breath).

Vanquished Creatures
  3 yaks
  Menkaure (D:5)
  4 ice beasts
  2 sky beasts (D:6)
  An ogre (D:4)
  2 centaurs
  A phantom (D:7)
  A kobold brigand (D:6)
  2 bullfrogs (D:7)
  4 scorpions
  4 wights (D:6)
  An electric eel (D:6)
  2 howler monkeys
  An orc priest (D:7)
  A bombardier beetle (D:3)
  A jelly (D:7)
  A gnoll bouda (D:5)
  4 hounds
  3 iguanas
  2 sleepcaps
  An orc wizard (D:6)
  6 gnolls
  5 adders
  2 white imps
  2 ribbon worms (D:2)
  4 dart slugs
  6 orcs
  An endoplasm (D:1)
  3 giant cockroaches
  7 goblins
  6 hobgoblins
  7 jackals
  3 quokkas
  5 ball pythons
  5 bats
  4 frilled lizards
  12 kobolds
  8 rats
128 creatures vanquished.

Notes
Turn   | Place    | Note
-------+----------+-------------------------------------------
     0 | D:1      | oldriver the Formicid Alchemist began the quest for the
                  | Orb.
     0 | D:1      | Reached XP level 1. HP: 13/13 MP: 3/3
   352 | D:1      | Reached skill level 1 in Fighting
   440 | D:1      | Found a faded altar of an unknown god.
   526 | D:1      | Reached XP level 2. HP: 22/22 MP: 1/5
  1219 | D:1      | Reached XP level 3. HP: 28/28 MP: 3/6
  1944 | D:2      | Identified the +3 buckler "Ymuqem" {^Drain rC+ rN++ SInv}
  2234 | D:2      | Reached XP level 4. HP: 32/35 MP: 4/7
  2643 | D:3      | Reached skill level 1 in Shields
  2952 | D:3      | Reached XP level 5. HP: 33/42 MP: 3/8
  3554 | D:4      | Reached XP level 6. HP: 45/49 MP: 3/9
  3950 | D:4      | Found a broken altar of Ashenzari.
  4084 | D:4      | Noticed an ogre
  4093 | D:4      | Killed an ogre
  4094 | D:4      | Reached skill level 5 in Fighting
  4509 | D:5      | Entered Level 5 of the Dungeon
  4531 | D:5      | Found a blossoming altar of Fedhas.
  4531 | D:5      | Found a basalt altar of Yredelemnul.
  4641 | D:5      | Reached XP level 7. HP: 45/56 MP: 7/10
  4704 | D:5      | Noticed Menkaure
  4927 | D:5      | Found a burning altar of Makhleb.
  5132 | D:5      | Found an ornate altar of the Wu Jian Council.
  5186 | D:5      | Killed Menkaure
  5560 | D:5      | Found Nehic's One-of-a-Kind Rings.
  5773 | D:5      | Reached skill level 1 in Ranged Weapons
  5773 | D:5      | Reached XP level 8. HP: 66/67 MP: 11/11
  5829 | D:5      | Reached skill level 2 in Ranged Weapons
  6065 | D:5      | Reached skill level 3 in Ranged Weapons
  6402 | D:6      | Found a snail-covered altar of Cheibriados.
  6414 | D:6      | Noticed a yak
  6416 | D:6      | Noticed a yak
  6417 | D:6      | Noticed a yak
  6428 | D:5      | Killed a yak
  6429 | D:5      | Reached skill level 4 in Ranged Weapons
  6554 | D:6      | Found Aggeutam's Firing Range.
  6594 | D:6      | Identified the +2 helmet of the Old World {rElec rF+ rC+}
  6627 | D:6      | Reached skill level 5 in Ranged Weapons
  6633 | D:6      | Found a staircase to the Ecumenical Temple.
  6704 | D:6      | Reached skill level 6 in Ranged Weapons
  6704 | D:6      | Reached XP level 9. HP: 74/74 MP: 12/12
  6982 | Temple   | Entered the Ecumenical Temple
  6994 | Temple   | Became a worshipper of Hepliaklqana the Forgotten
  7014 | D:6      | Reached skill level 7 in Ranged Weapons
  7175 | D:6      | Reached skill level 8 in Ranged Weapons
  7691 | D:6      | Found Moel's General Store.
  7746 | D:6      | Found Keomui's Magic Scroll Emporium.
  7748 | D:6      | Found Igul's Armour Shoppe.
  7924 | D:6      | Bought a +1 cloak of stealth for 198 gold pieces
  8060 | D:7      | Reached skill level 9 in Ranged Weapons
  8498 | D:7      | Killed from afar by a steam dragon

Illustrated notes

Levels and vault maps discovered:
D:1:      dpeg_arrival_brainrot, layout_loops_corners,
          ebering_ecumenical_altar_box
D:2:      minmay_inner_zag, layout_loops_cross
D:3:      layout_basic
D:4:      layout_rooms, evilmike_ruin_ashenzari
D:5:      layout_cave_pods, lemuel_doored_altar, makhleb_heckhound_becter,
          nicolae_overflow_two_pavilions, serial_library_hellmonk_big_corner,
          nicolae_shop_unique_rings, corner_web_ring, uniq_menkaure
D:6:      layout_gridville, cheibriados_altar_1, nicolae_overflow_hidden_temple,
          minmay_temple_entry_mini_moons, ebering_dispersal_statue_hall,
          nicolae_wooded_promenade, nicolae_shop_firing_range
D:7:      layout_cave_pools, okawaru_ov_weapons_minmay, minmay_fractal_squares_5
Temple:   nicolae_temple_stand_before_the_council

Skill      XL: |  1  2  3  4  5  6  7  8  9 |
---------------+----------------------------+-----
Fighting       | 1 2 3 4 5 7 8 |  8.0
Shields        | 1 2 4 |  4.0
Stealth        | 3 4 |  4.0
Ranged Weapons | 1 6 9 |  9.6
Dodging        | |  1.7
Spellcasting   | |  2.1
Conjurations   | |  0.8
Alchemy        | |  4.0

Action                     |  1- 3 |  4- 6 |  7- 9 || total
---------------------------+-------+-------+-------++-------
  Melee: Dagger            |     5 |    27 |    89 ||   121
         Punch             |     1 |       |       ||     1
   Fire: Orcbow            |       |       |   197 ||   197
   Cast: Sting             |    68 |    85 |    30 ||   183
    Use: Scroll            |       |    10 |     4 ||    14
         Potion            |       |       |     1 ||     1
 Armour: Robe              |    13 |    19 |    95 ||   127
  Dodge: Dodged            |    17 |    45 |    99 ||   161
  Block: Buckler           |       |    23 |    77 ||   100
